 Dungeon Crawl Stone Soup version 0.30-a0-651-g0755cc6dcf (webtiles) character file.

Game seed: 2335502482237264496

105 CoinPitGoblin the Digger (level 4, -10/24 HPs)
             Began as a Gargoyle Earth Elementalist on Jan 18, 2023.
             Mangled by an ogre
             ... wielding a +0 giant club
              (34 damage)
             ... on level 3 of the Dungeon.
             The game lasted 00:03:43 (2489 turns).

CoinPitGoblin the Digger (GrEE)                     Turns: 2489, Time: 00:03:44

Health: -10/24     AC:  6    Str: 11    XL:     4   Next: 83%
Magic:  5/8        EV: 12    Int: 18    God:
Gold:   153        SH:  0    Dex: 10    Spells: 8/9 levels left

rFire   . . .      SeeInvis .    h - +3 whip
rCold   . . .      Faith    .    (no shield)
rNeg    + . .      Spirit   .    a - +0 robe
rPois   ∞          Reflect  .    (no helmet)
rElec   +          Harm     .    p - +0 cloak
rCorr   .          Rampage  .    (no gloves)
Will    .....                    (no boots)
Stlth   ++                       (no amulet)
HPRegen 0.24/turn                (no ring)
MPRegen 0.11/turn                (no ring)

@: no status effects
A: sickness immunity, AC +3, negative energy resistance 1, electricity
resistance, torment resistance 1, petrification resistance
a: no special abilities


You were on level 3 of the Dungeon.
You visited 1 branch of the dungeon, and saw 4 of its levels.

You collected 153 gold pieces.

Inventory:

Hand Weapons
 h - a +3 whip (weapon)
Armour
 a - a +0 robe (worn)
 p - a +0 cloak (worn)
Wands
 o - a wand of mindburst (6)
Scrolls
 e - a scroll of amnesia {unknown}
 i - a scroll of enchant armour {unknown}
 j - 2 scrolls of identify
 k - a scroll of noise {unknown}
 m - a scroll of magic mapping {unknown}
 s - a scroll of poison {unknown}
 t - a scroll of acquirement {unknown}
 u - a scroll of vulnerability {unknown}
Potions
 b - a potion of magic
 c - 4 potions of curing
 d - a potion of might {unknown}
 f - a potion of resistance
 g - a potion of ambrosia
 l - 3 potions of brilliance {unknown}
 n - a potion of mutation {unknown}
 q - a potion of heal wounds {unknown}
 r - a potion of cancellation {unknown}


   Skills:
 + Level 1.7 Dodging
 - Level 2.1 Stealth
 + Level 3.0 Spellcasting
 - Level 0.7 Transmutations
 + Level 5.6 Earth Magic


You had 8 spell levels left.
You knew the following spells:

 Your Spells              Type           Power      Damage    Failure   Level
a - Sandblast             Erth           44%        2d11      1%          1

Your spell library contained the following spells:

 Spells                   Type           Power      Damage    Failure   Level
 Passwall                 Tmut/Erth      11%        N/A       7%          2
 Stone Arrow              Conj/Erth      24%        3d8       16%         3
 Petrify                  Tmut/Erth      14%        N/A       41%         4
 Call Canine Familiar     Summ           2%         N/A       43%         3
 Portal Projectile        Hex/Tloc       4%         N/A       43%         3
 Leda's Liquefaction      Hex/Erth       6%         N/A       45%         4


Dungeon Overview and Level Annotations

Branches:
Dungeon (4/15)
 Temple: D:4-7

Altars:
Trog

Shops:
D:3 ?


Innate Abilities, Weirdness & Mutations

You are immune to sickness and miasma.
Your stone body is resilient. (AC +3)
You are immune to poison.
You resist negative energy. (rN+)
You are resistant to electric shocks. (rElec)
You are resistant to unholy torment.
You are immune to petrification.


Message History

You can't see any susceptible monsters within range! (Use Z to cast anyway.) No target in view!
u - a scroll labelled CURYDO BU ARGH No target in view!
Done exploring.
Done exploring.
Done exploring.
Done exploring.
Search for what [Enter for "."]? .
Unknown command.
There is a stone staircase leading down here.
You climb downwards.
There is a stone staircase leading up here.
You climb upwards.
There is a stone staircase leading down here.
There is a stone staircase leading down here.
You climb downwards.
Found a helmet, a lumpy coppery potion and an embroidered cloak.
There is a stone staircase leading up here.
You climb upwards.
There is a stone staircase leading down here.
There is a bloodstained altar of Trog here.
There is a stone staircase leading down here.
You climb downwards.
The ogre shouts!
There is a stone staircase leading up here.
There are monsters nearby!
The blast of sand hits the ogre.
The ogre is moderately wounded.
The ogre barely misses you.
You climb upwards.
There is a stone staircase leading down here.
The blast of sand hits the ogre.
The ogre is moderately wounded.
The ogre barely misses you.
The blast of sand hits the ogre!
The ogre is almost dead.
The ogre hits you with a +0 giant club!!
Ouch! That really hurt!
You die...

...####)##..#....#......##.####
##..###......#..#######.......#
_.#........#.##..#............#
#.....#......##...#...........#
#####...........†.........#####
#..........#..........##.##
#..........##........###.#
#..........###....#....#.#
...........# #..@.####.#.#
#..........# #...O# #...#
#.......#### ###### ##..#
#.......# #### #########


You could see an ogre.

Vanquished Creatures
  2 adders (D:2)
  A gnoll (D:2)
  3 worms
  2 dart slugs (D:1)
  5 bats
  9 endoplasms
  2 giant cockroaches
  5 hobgoblins
  6 kobolds
  4 quokkas (D:1)
  5 ball pythons
  3 frilled lizards
  7 goblins
  8 rats
  A spectral goblin (D:2)
63 creatures vanquished.

Notes
Turn   | Place    | Note
-------+----------+-------------------------------------------
     0 | D:1      | CoinPitGoblin the Gargoyle Earth Elementalist began the
                  | quest for the Orb.
     0 | D:1      | Reached XP level 1. HP: 10/10 MP: 3/3
   121 | D:1      | Reached skill level 4 in Earth Magic
   121 | D:1      | Reached XP level 2. HP: 12/15 MP: 0/5
   569 | D:1      | Reached XP level 3. HP: 19/19 MP: 2/6
   968 | D:2      | Found a faded altar of an unknown god.
  1109 | D:2      | Reached skill level 5 in Earth Magic
  1313 | D:2      | Reached XP level 4. HP: 24/24 MP: 5/8
  2053 | D:3      | Found a bloodstained altar of Trog.
  2159 | D:3      | Found Oghyj's Magic Scroll Boutique.
  2445 | D:4      | Noticed an ogre
  2484 | D:4      | Noticed an ogre
  2489 | D:3      | Mangled by an ogre

Illustrated notes

Levels and vault maps discovered:
D:1:      lightli_arrival_boilingwater, layout_rooms, nicolae_titane
D:2:      layout_loops_ring, dreamdust_ecumenical_altar_drowned_temple,
          grunt_ministairs_1, chequers_serial_rivers_small_b,
          minmay_split_cup_large
D:3:      layout_rooms, overflow_temple_1_default, serial_shops,
          nicolae_shop_advertising_works [nicolae_subvault_shop_adworks]
D:4:      layout_cave_pools, nicolae_ru_great_annihilating_truth

Skill      XL: |  1  2  3  4 |
---------------+-------------+-----
Earth Magic    | 4 5 |  5.6
Spellcasting   | 3 |  3.0
Dodging        | |  1.7
Stealth        | |  2.1
Transmutations | |  0.7

Action                   |  1- 3 |  4- 6 || total
-------------------------+-------+-------++-------
Melee: Unarmed           |     7 |       ||     7
       Club              |     1 |       ||     1
       Whip              |     2 |       ||     2
 Cast: Sandblast         |    49 |    35 ||    84
  Use: Scroll            |     3 |       ||     3
Armor: Robe              |     9 |     5 ||    14
Dodge: Dodged            |    16 |    22 ||    38

Table legend: (Time is in decaauts)
 A = Elapsed time spent in this place.
 B = Non-inter-level travel time spent in this place.
 C = Inter-level travel time spent in this place.
 D = Time resting spent in this place.
 E = Time spent auto-exploring this place.
 F = Levels seen in this place.
 G = Mean time per level.
                   A        B        C        D        E       F      G
               +--------+--------+--------+--------+--------+-----+--------+
         Total |   2543 |   2338 |    205 |     10 |   1961 |   4 |  635.8 |
       Dungeon |   2543 |   2338 |    205 |     10 |   1961 |   4 |  635.8 |
               +--------+--------+--------+--------+--------+-----+--------+

Top non-repeatable levels by time:
     D:2: 1207 daAuts
     D:1: 774 daAuts
     D:3: 554 daAuts
     D:4: 6 daAuts
